 Dungeon Crawl Stone Soup version 0.25.1-9-gc5326a611f (webtiles) character file.

Game seed: 682259341090395187

187281 growler the Brawler (level 17, -3/161 HPs)
             Began as a Red Draconian Transmuter on Jan 2, 2021.
             Was the Champion of Makhleb.
             Slain by a nagaraja
             ... wielding a +0 halberd
              (18 damage)
             ... on level 4 of the Snake Pit.
             The game lasted 02:24:55 (45285 turns).

growler the Brawler (Red Draconian Transmuter)     Turns: 45285, Time: 02:24:55

Health: -3/161     AC: 15    Str: 18    XL:     17   Next: 87%
Magic:  24/27      EV: 18    Int: 18    God:    Makhleb [******]
Gold:   2027       SH:  0    Dex: 13    Spells: 9/24 levels left

rFire    + . .     SeeInvis .     - Unarmed
rCold    + . .     Gourm    .   (shield currently unavailable)
rNeg     . . .     Faith    .   (armour unavailable)
rPois    .         Spirit   .   (helmet restricted)
rElec    .         Reflect  .   Y - +2 cloak {Stlth+}
rCorr    .         Harm     .   (gloves currently unavailable)
MR       +++..                  Z - +2 pair of boots {Fly}
Stlth    ++........             J - amulet "Fuifetti" {Acrobat MR++ Int+4 Slay+2 Stlth+}
HPRegen  0.36/turn              p - ring of wizardry
MPRegen  0.20/turn              o - ring of protection from cold

@: lethally poisoned (-3 -> -36), about to teleport, blade hands, flying,
constricted, lightly drained
A: breathe fire, unfitting armour, fire resistance 1, cold-blooded, AC +9
a: Breathe Fire, End Transformation, Minor Destruction, Lesser Servant of
Makhleb, Major Destruction, Greater Servant of Makhleb, Renounce Religion, Stop
Flying


You were on level 4 of the Snake Pit.
You worshipped Makhleb.
Makhleb was exalted by your worship.
You were hungry.
You had blades for hands.
You visited 6 branches of the dungeon, and saw 31 of its levels.
You also visited: Gauntlet.

You collected 2694 gold pieces.
You spent 667 gold pieces at shops.

Inventory:

Missiles
 a - 834 arrows
 V - 4 throwing nets (quivered) {!f}
Armour
 w - the +1 pair of gloves of Tenacity (melded) {rPois rN+ Int+4}
   (You found it in a Gauntlet)

   It affects your intelligence (+4).
   It protects you from poison.
   It protects you from negative energy.
 Y - a +2 cloak of stealth (worn)
   (You bought it in a shop on level 2 of the Orcish Mines)
 Z - a +2 pair of boots of flying (worn)
   (You bought it in a shop on level 2 of the Orcish Mines)
Jewellery
 b - an uncursed ring of positive energy
   (You found it on level 13 of the Dungeon)
 o - a ring of protection from cold (right scythe-like blade)
   (You found it on level 5 of the Dungeon)
 p - a ring of wizardry (left scythe-like blade)
   (You found it on level 2 of the Dungeon)
 y - a +6 ring of intelligence
   (You found it on level 5 of the Dungeon)
 B - an uncursed ring of resist corrosion
   (You found it on level 6 of the Dungeon)
 J - the amulet "Fuifetti" (around neck) {Acrobat MR++ Int+4 Slay+2 Stlth+}
   (You found it in a Gauntlet)

   [amulet of the acrobat]

   It helps you evade while moving and waiting.
   It affects your intelligence (+4).
   It affects your accuracy and damage with ranged weapons and melee attacks
   (+2).
   It affects your resistance to hostile enchantments.
   It makes you more stealthy.
 O - a +6 ring of strength
   (You found it on level 2 of the Lair of Beasts)
Wands
 c - a wand of disintegration (10)
   (You found it on level 11 of the Dungeon)
 d - a wand of iceblast (24)
   (You found it on level 1 of the Lair of Beasts)
 t - a wand of flame (47)
   (You found it on level 15 of the Dungeon)
 u - a wand of paralysis (7)
   (You took it off Psyche on level 10 of the Dungeon)
 v - a wand of digging (14)
   (You found it on level 13 of the Dungeon)
 x - a wand of acid (26)
   (You found it on level 6 of the Lair of Beasts)
 M - a wand of clouds (3)
   (You found it on level 11 of the Dungeon)
 W - a wand of polymorph (5)
   (You took it off a centaur on level 15 of the Dungeon)
Scrolls
 g - 5 scrolls of fog
 h - 4 scrolls of enchant armour
 i - 9 scrolls of remove curse {@r2}
 s - 6 scrolls of magic mapping
 z - 2 scrolls of immolation {!r}
 A - 7 scrolls of teleportation {@r4}
 F - a scroll of summoning
 G - 4 scrolls of vulnerability {!r}
 K - 6 scrolls of amnesia
 N - a scroll of identify {@r1}
 X - a scroll of holy word
Potions
 f - 3 potions of ambrosia
 j - 5 potions of brilliance
 l - 9 potions of curing {@q1}
 m - 3 potions of mutation {!q}
 n - 2 potions of heal wounds {@q2}
 q - 2 potions of lignification {!q}
 r - 5 potions of stabbing
 C - a potion of resistance
 D - 2 potions of haste {@q3}
 E - 2 potions of invisibility
 H - 3 potions of cancellation
 I - a potion of magic
 T - 2 potions of might
 U - 2 potions of flight
Miscellaneous
 L - a phial of floods
   (You found it in a Gauntlet)
 Q - a phantom mirror
 S - a lightning rod (4/4) {!a}
   (You found it on level 6 of the Lair of Beasts)
Comestibles
 e - 39 rations {!d}


   Skills:
 + Level 17.0(16.5) Fighting
 + Level 14.7(14.3) Dodging
 + Level 17.1(16.7) Unarmed Combat
 - Level 4.0(3.6) Spellcasting
 - Level 9.0(8.6) Transmutations
 - Level 2.0(1.7) Poison Magic
 + Level 13.9(13.5) Invocations


You had 9 spell levels left.
You knew the following spells:

 Your Spells              Type           Power        Failure   Level  Hunger
a - Beastly Appendage     Tmut           ####..       4%          1    None
b - Blade Hands           Tmut           ####......   22%         5    ######.
c - Ice Form              Ice/Tmut       ###.....     36%         4    ####...
s - Sticks to Snakes      Tmut           ####....     5%          2    ##.....
x - Spider Form           Tmut/Pois      ###.......   14%         3    ###....

Your spell library contained the following spells:

 Spells                   Type           Power        Failure   Level  Hunger
 Passwall                 Tmut/Erth      ###.....     12%         2    ##.....
 Ignite Poison            Fire/Tmut/Pois ###.....     21%         3    ###....
 Corona                   Hex            #......      26%         1    None
 Foxfire                  Conj/Fire      #...         26%         1    None
 Freeze                   Ice            #...         26%         1    None
 Magic Dart               Conj           #...         26%         1    None
 Shock                    Conj/Air       #...         26%         1    None
 Poisonous Vapours        Pois/Air       #.....       26%         2    ##.....
 Blink                    Tloc           N/A          32%         2    ##.....
 Call Imp                 Summ           #.......     32%         2    ##.....
 Slow                     Hex            #.......     32%         2    ##.....
 Swiftness                Chrm/Air       #.......     32%         2    ##.....
 Petrify                  Tmut/Erth      ###.....     36%         4    ####...
 Mephitic Cloud           Conj/Pois/Air  #.......     45%         3    ###....
 Conjure Flame            Conj/Fire      #.......     47%         3    ###....
 Frozen Ramparts          Ice            #.....       47%         3    ###....
 Gell's Gravitas          Tloc           #.........   47%         3    ###....
 Inner Flame              Hex/Fire       #.......     47%         3    ###....
 Ozocubu's Armour         Chrm/Ice       #.......     47%         3    ###....
 Portal Projectile        Hex/Tloc       #.....       47%         3    ###....
 Recall                   Summ/Tloc      N/A          47%         3    ###....
 Static Discharge         Conj/Air       #.......     47%         3    ###....
 Teleport Other           Tloc           #.......     47%         3    ###....
 Alistair's Intoxication  Tmut/Pois      ###.....     52%         5    ######.
 Airstrike                Air            #.........   80%         4    ####...
 Cause Fear               Hex            #.........   80%         4    ####...
 Hailstorm                Conj/Ice       #.......     80%         4    ####...
 Iskenderun's Mystic Bla  Conj/Tloc      #.......     80%         4    ####...
 Leda's Liquefaction      Hex/Erth       #.........   80%         4    ####...
 Sticky Flame             Conj/Fire      #.......     80%         4    ####...
 Summon Ice Beast         Ice/Summ       #.......     80%         4    ####...
 Fireball                 Conj/Fire      #.........   96%         5    ######.
 Lightning Bolt           Conj/Air       #.........   96%         5    ######.
 Silence                  Hex/Air        #.........   96%         5    ######.
 Dispersal                Tloc           #.........   100%        6    #######
 Freezing Cloud           Conj/Ice/Air   #.........   100%        6    #######
 Starburst                Conj/Fire      #.........   100%        6    #######
 Ring of Flames           Chrm/Fire      #.........   100%        7    #######
 Ignition                 Fire           #.........   100%        8    #######


Dungeon Overview and Level Annotations

Branches:
Dungeon (15/15)            Temple (1/1) D:4            Lair (6/6) D:11
 Shoals (3/4) Lair:2        Snake (4/4) Lair:3        Slime (0/5) Lair:5
    Orc (2/2) D:12            Elf (0/3) Orc:2        Vaults (0/5) D:14
 Depths (0/5) D:15        Gauntlet (visited)

Altars:
Ashenzari
Cheibriados
Dithmenos
Elyvilon
Fedhas
Gozag
Hepliaklqana
Kikubaaqudgha
Makhleb
Nemelex Xobeh
Okawaru
Qazlal
Ru
Sif Muna
Trog
Uskayaw
Vehumet
Wu Jian
Xom
Yredelemnul
Zin
The Shining One
Beogh
Jiyva

Shops:
D:2 *   D:8 (   D:12 *   D:13 *   Orc:2 !*([   Shoals:2 *   Shoals:3 *
Snake:1 =

Annotations:
D:6 2 transporters
Lair:2 1 runed translucent door, Gadfly's ghost, journeyman TrGl
Lair:3 3 runed translucent doors, Gadfly's ghost, journeyman DrTm; pokeman's ghost, journeyman DEWz
Lair:5 1 runed translucent door
Lair:6 1 runed translucent door, Gadfly's ghost, journeyman DsMo
Snake:4 Vashnia
Orc:1 1 runed translucent door, Nohyss's ghost, journeyman MiFi


Innate Abilities, Weirdness & Mutations

You can breathe blasts of fire.
Your fiery red scales are hard. (AC +9)
You cannot fit into any form of body armour.
Your flesh is heat resistant. (rF+)
You are cold-blooded and may be slowed by cold attacks.


Message History

You resist with almost no effort. The nagaraja constricts you.
The nagaraja moves out of view.
A guardian serpent comes into view.
You see here a bolt.
You slice the nagaraja!! You tail-slap the nagaraja.
The naga sharpshooter gestures wildly while chanting.
The naga sharpshooter magically shoots a bolt.
The bolt hits you.
The naga hits you from afar with a +0 glaive.
The nagaraja casts a spell at you. The bolt of poison hits you!!
You are poisoned.
The nagaraja constricts you.
You barely miss the nagaraja.
Your tail-slap misses the nagaraja.
You feel sick.
A naga mage comes into view.
The nagaraja gestures at you while chanting.
The poison arrow hits you!!
You are more poisoned.
* * * LOW HITPOINT WARNING * * *
The nagaraja misses you.
* * * LOW HITPOINT WARNING * * *
The nagaraja constricts you.
As you read the scroll of teleportation {@r4}, it crumbles to dust.
You feel strangely unstable.
You feel very sick.
The naga sharpshooter shoots a bolt.
The bolt misses you. The naga misses you.
The nagaraja hits you from afar with a +0 halberd!
* * * LOW HITPOINT WARNING * * *
The nagaraja spits poison at you. The splash of poison hits you!
You are more poisoned.
* * * LOW HITPOINT WARNING * * *
* * * LOW HITPOINT WARNING * * *
The nagaraja constricts you. The naga barely misses you.
The nagaraja casts a spell.
The nagaraja seems to speed up.
The nagaraja's grasp on you weakens, but your attempt to escape fails.
You feel very sick.
The nagaraja hits you with a +0 halberd!
* * * LOW HITPOINT WARNING * * *
* * * LOW HITPOINT WARNING * * *
The nagaraja constricts you.
The naga sharpshooter spits poison at you.
The splash of poison hits you but does no damage.
You are more poisoned.
The naga hits you from afar with a +0 glaive.
* * * LOW HITPOINT WARNING * * *
The nagaraja hits you from afar with a +0 halberd!!
You die...

##[...##.)[# ##....#...#....#
.).)..#...##.. ##...#...#....#
))....#...#.^. #..(#)..#.....
......#..)#.... ##...#...#.....
......#)..#...N ##.(.(#...#..(..
8.....#...#...S###..).##[.##....#
......#..)##.NNN......#[[.#.....#
..8...##...##.NN.....##...#....##
.......#....###N@..###[[)##...###
..8....##.()(.######).)..#...###.
........##(.†(((...([.(.##...##..
8........###..()..)...###...##...
...........###)).(..###....###...
.............########.#######....
......................# ##....#
#.....................#####....##
##....................(........#


You could see 4 nagarajas, a naga sharpshooter (catching breath), a guardian
serpent and 2 nagas.

Vanquished Creatures
  Saint Roka (Orc:2)
  Asterion (Snake:4)
  A titan (Shoals:1)
  8 nagarajas
  2 frost giants (Shoals:1)
  Nessos (Lair:6)
  3 merfolk javelineers
  2 merfolk impalers (Shoals:2)
  17 naga warriors
  A yaktaur captain (D:15)
  7 hydras
  Fannar (D:10)
  An ice dragon (D:14)
  A vault guard (D:14)
  11 anacondas
  A merfolk avatar (Lair:6)
  A satyr (Shoals:2)
  2 merfolk aquamancers
  4 centaur warriors
  4 two-headed ogres
  A tengu warrior (Gauntlet)
  11 naga sharpshooters
  6 shock serpents
  9 death yaks
  An orc high priest (Orc:2)
  Sonja (D:13)
  Nergalle (Lair:2)
  2 unseen horrors
  5 sea snakes
  A deep troll (D:14)
  A wizard (D:14)
  7 naga ritualists
  2 orc knights
  3 deep elf magi
  19 harpies
  An ugly thing (D:12)
  2 oklob plants (Lair:2)
  7 mana vipers
  12 fauns
  13 manticores
  2 orc sorcerers (Orc:2)
  7 cyclopes
  7 salamanders
  3 guardian serpents
  30 black mambas
  11 naga magi
  6 elephants (Lair:6)
  An ice statue (Gauntlet)
  6 merfolk sirens
  A water nymph (Shoals:2)
  10 spiny frogs
  Psyche (D:10)
  A gargoyle (D:14)
  10 rime drakes
  A komodo dragon (shapeshifter) (D:13)
  4 kobold demonologists
  15 komodo dragons
  An efreet (D:15)
  A yaktaur (D:15)
  13 merfolk
  A tengu conjurer (Gauntlet)
  A wind drake (Shoals:1)
  4 trolls
  17 hippogriffs
  3 polar bears
  2 hornets
  5 slime creatures (D:13)
  A snapping turtle (Shoals:2)
  9 blink frogs
  12 dream sheep
  11 flying skulls (Gauntlet)
  14 wyverns
  Sigmund (D:5)
  A shadow (D:14)
  A tarantella (shapeshifter) (D:14)
  7 water elementals
  2 wraiths
  45 yaks
  4 vampires
  8 basilisks
  2 vampire mosquitoes (D:15)
  A hog (shapeshifter) (D:14)
  3 hungry ghosts
  5 wargs
  50 nagas
  A steam dragon (D:14)
  An acid dragon (D:15)
  4 water moccasins
  7 porcupines
  A hornet zombie (D:15)
  4 ice beasts
  32 orc warriors
  3 eyes of draining
  3 phantoms
  4 sky beasts
  A necrophage (D:12)
  9 ogres
  32 wolves
  22 centaurs
  3 boggarts (D:15)
  10 crocodiles
  3 big kobolds
  18 bullfrogs
  A water moccasin zombie (D:12)
  5 scorpions
  5 wights (D:6)
  7 killer bees (D:10)
  An electric eel (D:8)
  5 howler monkeys
  6 crimson imps
  8 centaur zombies
  2 quasits
  3 bullfrog zombies
  3 jellies
  2 hounds
  27 orc wizards
  3 centaur skeletons
  21 orc priests
  2 bullfrog skeletons
  An iguana (D:6)
  Terence (D:2)
  4 worker ants
  2 hell rats (Lair:1)
  2 human simulacra (D:12)
  A hound zombie (D:8)
  A hound skeleton (D:10)
  13 adders
  3 gnolls (D:4)
  6 river rats (Lair:1)
  2 oozes
  An adder zombie (D:8)
  2 adder skeletons (D:4)
  A worm (D:4)
  A dart slug (D:6)
  8 leopard geckos
  96 orcs
  3 ball pythons
  5 bats
  2 giant cockroaches
  4 goblins
  4 hobgoblins
  12 jackals
  17 kobolds
  7 quokkas
  A ball python skeleton (D:5)
  5 frilled lizards
  A giant cockroach zombie (D:6)
  A jackal skeleton (D:6)
  15 rats
  A fungus (Lair:3)
998 creatures vanquished.

Vanquished Creatures (others)
  A boggart (D:15)
  A bullfrog (D:12)
  An orc priest (D:12)
  An orc wizard (D:12)
  An orc (D:12)
  12 fungi
  12 plants
  4 withered plants (Lair:3)
33 creatures vanquished.

Grand Total: 1031 creatures vanquished

Notes
Turn   | Place    | Note
-------+----------+-------------------------------------------
     0 | D:1      | growler the Draconian Transmuter began the quest for the
                  | Orb.
     0 | D:1      | Reached XP level 1. HP: 16/16 MP: 3/3
   342 | D:1      | Reached XP level 2. HP: 20/23 MP: 5/5
   528 | D:1      | Learned a level 2 spell: Sticks to Snakes
   912 | D:1      | Reached XP level 3. HP: 27/28 MP: 6/6
  1554 | D:2      | Learned a level 3 spell: Spider Form
  1802 | D:2      | Found Gozag's Platinum Reserve.
  1940 | D:2      | Noticed Terence
  1951 | D:2      | Killed Terence
  1951 | D:2      | Reached XP level 4. HP: 18/35 MP: 4/8
  2247 | D:2      | Found an opulent altar of Gozag.
  2486 | D:3      | Found a faded altar of an unknown god.
  2514 | D:3      | Reached skill level 1 in Poison Magic
  2517 | D:3      | HP: 1/35 [orc priest/+0 whip (7)]
  2518 | D:3      | Reached XP level 5. HP: 2/40 MP: 4/9
  3333 | D:4      | Found a staircase to the Ecumenical Temple.
  3339 | Temple   | Entered the Ecumenical Temple
  3585 | Temple   | Became a worshipper of Makhleb the Destroyer
  3591 | Temple   | Learned a level 4 spell: Ice Form
  3624 | D:4      | Reached XP level 6. HP: 37/47 MP: 6/11
  4829 | D:4      | Reached skill level 5 in Unarmed Combat
  4829 | D:4      | Reached skill level 1 in Invocations
  4829 | D:4      | Your scales start taking on a fiery red colour.
  4829 | D:4      | Reached XP level 7. HP: 36/52 MP: 11/13
  4829 | D:4      | Gained mutation: Your flesh is heat resistant. (rF+) [Red
                  | Draconian growth]
  5230 | D:5      | Entered Level 5 of the Dungeon
  5305 | D:5      | Noticed Sigmund
  5331 | D:5      | Killed Sigmund
  5454 | D:5      | Found a glowing golden altar of the Shining One.
  5594 | D:5      | Reached skill level 5 in Transmutations
  6070 | D:6      | Found a shadowy altar of Dithmenos.
  6385 | D:6      | Reached XP level 8. HP: 57/59 MP: 10/14
  6645 | D:6      | Found a snail-covered altar of Cheibriados.
  6765 | D:6      | Reached * piety under Makhleb
  6779 | D:6      | Learned a level 5 spell: Blade Hands
  7048 | D:6      | Noticed a hornet
  7075 | D:6      | Found a transporter.
  7078 | D:6      | Noticed a queen bee
  7079 | D:6      | Found a transporter.
  7191 | D:6      | Reached skill level 5 in Invocations
  8664 | D:8      | Reached XP level 9. HP: 64/64 MP: 15/15
  8985 | D:8      | Found Bebuwkoo's Weapon Emporium.
  9769 | D:9      | Reached ** piety under Makhleb
  9989 | D:10     | Entered Level 10 of the Dungeon
  9989 | D:10     | Noticed Psyche
  9993 | D:10     | Paralysed by Psyche for 2 turns
  9998 | D:10     | Killed Psyche
 10210 | D:10     | Reached XP level 10. HP: 69/71 MP: 11/16
 10255 | D:10     | Reached skill level 10 in Unarmed Combat
 10334 | D:10     | Noticed a deep elf mage
 10339 | D:10     | Killed a deep elf mage
 10611 | D:10     | Noticed Fannar
 10622 | D:10     | Killed Fannar
 10772 | D:10     | Noticed a two-headed ogre
 10772 | D:10     | Noticed a two-headed ogre
 10782 | D:10     | Killed a two-headed ogre
 10786 | D:10     | Killed a two-headed ogre
 11084 | D:10     | Noticed a two-headed ogre
 11096 | D:10     | Killed a two-headed ogre
 11096 | D:10     | Reached XP level 11. HP: 54/77 MP: 11/17
 11399 | D:11     | Reached *** piety under Makhleb
 12003 | D:11     | Reached **** piety under Makhleb
 12044 | D:11     | Found a staircase to the Lair.
 12563 | Lair:1   | Entered Level 1 of the Lair of Beasts
 14076 | Lair:2   | Found a runed translucent door.
 14077 | Lair:2   | Found a shimmering altar of Xom.
 14077 | Lair:2   | Noticed Gadfly's ghost (journeyman TrGl)
 14077 | Lair:2   | Noticed a +0 rapier of chaos
 14477 | Lair:2   | Reached ***** piety under Makhleb
 14568 | Lair:2   | Noticed an oklob plant
 14705 | Lair:2   | Reached XP level 12. HP: 92/92 MP: 18/18
 14709 | Lair:2   | Got a sapphire hunting sling
 14725 | Lair:2   | Found a staircase to the Shoals.
 15012 | Lair:2   | Reached skill level 5 in Fighting
 15227 | Lair:2   | Noticed Nergalle
 15239 | Lair:2   | Killed Nergalle
 15697 | Lair:3   | Reached skill level 5 in Dodging
 15908 | Lair:3   | Found a staircase to the Snake Pit.
 16404 | Lair:3   | Found a runed translucent gate.
 16404 | Lair:3   | Found a runed translucent gate.
 16407 | Lair:3   | Found a runed translucent gate.
 16408 | Lair:3   | Noticed Gadfly's ghost (journeyman DrTm)
 16408 | Lair:3   | Noticed pokeman's ghost (journeyman DEWz)
 17122 | Lair:4   | Found a gate leading to a gauntlet.
 17154 | Lair:4   | Reached skill level 15 in Unarmed Combat
 17182 | Gauntlet | Entered a Gauntlet
 17182 | Gauntlet | Found a transporter.
 17182 | Gauntlet | Found a transporter.
 17258 | Gauntlet | Noticed a tengu warrior
 17267 | Gauntlet | Found a transporter.
 17267 | Gauntlet | Found a transporter.
 17285 | Gauntlet | Found a transporter.
 17293 | Gauntlet | Found a transporter.
 17297 | Gauntlet | Found a transporter.
 17303 | Gauntlet | Found a runed translucent gate.
 17305 | Gauntlet | Found a transporter.
 17306 | Gauntlet | Found a runed translucent gate.
 17306 | Gauntlet | Noticed a great orb of eyes
 17307 | Gauntlet | Found a runed translucent gate.
 17319 | Gauntlet | Found a runed translucent door.
 17321 | Gauntlet | Found a transporter.
 17323 | Gauntlet | Found a runed translucent door.
 17335 | Gauntlet | Found a transporter.
 17339 | Gauntlet | Found a transporter.
 17347 | Gauntlet | Found a transporter.
 17559 | Gauntlet | Killed a tengu warrior
 17632 | Gauntlet | Got a vibrating platinum amulet
 17675 | Gauntlet | Identified the amulet "Fuifetti" {Acrobat MR++ Int+4 Slay+2
                  | Stlth+} (You found it in a Gauntlet)
 17713 | Gauntlet | Reached XP level 13. HP: 105/105 MP: 13/19
 17867 | Gauntlet | Got a pair of twisted gloves
 17877 | Gauntlet | Identified the +1 pair of gloves of Tenacity {rPois rN+
                  | Int+4} (You found it in a Gauntlet)
 17892 | Gauntlet | Identified the +10 short sword of the Shouting Owl {vamp,
                  | *Noise rElec Str+3 Dex+4}
 17892 | Gauntlet | Noticed a minotaur
 17917 | Gauntlet | Identified the Reference Book on the Unstable Birds
 17922 | Gauntlet | Identified the Handbook of Translocation
 18919 | Lair:5   | You fall into a shaft and drop 1 floor!
 18919 | Lair:6   | Entered Level 6 of the Lair of Beasts
 19226 | Lair:6   | Found a runed translucent door.
 19228 | Lair:6   | Noticed Gadfly's ghost (journeyman DsMo)
 19269 | Lair:6   | Reached ****** piety under Makhleb
 19828 | Lair:5   | Found a runed translucent door.
 19830 | Lair:5   | Found a viscous altar of Jiyva.
 19835 | Lair:5   | Found a staircase to the Slime Pits.
 19838 | Lair:5   | Reached skill level 10 in Fighting
 20516 | Lair:6   | Noticed Nessos
 20557 | Lair:6   | Killed Nessos
 20869 | Lair:6   | Reached XP level 14. HP: 95/121 MP: 15/20
 21600 | Lair:6   | Got a glimmering hand axe
 22027 | Lair:6   | Reached skill level 10 in Invocations
 22682 | D:12     | Found Zopliz's General Store.
 22694 | D:12     | Bought a scroll of identify for 26 gold pieces
 22694 | D:12     | Bought a scroll of identify for 26 gold pieces
 23653 | D:12     | Found a staircase to the Orcish Mines.
 23726 | D:12     | Found a roughly hewn altar of Beogh.
 23857 | Orc:1    | Entered Level 1 of the Orcish Mines
 24186 | Orc:1    | Found a bloodstained altar of Trog.
 24322 | Orc:1    | Found a runed translucent door.
 24324 | Orc:1    | Noticed Nohyss's ghost (journeyman MiFi)
 24525 | Orc:2    | Entered Level 2 of the Orcish Mines
 24537 | Orc:2    | Found a staircase to the Elven Halls.
 24602 | Orc:2    | Found a roughly hewn altar of Beogh.
 24728 | Orc:2    | Found a roughly hewn altar of Beogh.
 24895 | Orc:2    | Noticed Saint Roka
 24937 | Orc:2    | Reached skill level 10 in Dodging
 25268 | Orc:2    | Found a roughly hewn altar of Beogh.
 25424 | Orc:2    | Found a radiant altar of Vehumet.
 25545 | Orc:2    | Found a roughly hewn altar of Beogh.
 25552 | Orc:2    | Found Bifom's Distillery.
 25666 | Orc:2    | Noticed an Executioner
 25890 | Orc:2    | Found Iqeale's Assorted Antiques.
 25897 | Orc:2    | Bought 3 scrolls of teleportation for 315 gold pieces
 25940 | Orc:2    | Found a roughly hewn altar of Beogh.
 26063 | Orc:2    | Killed Saint Roka
 26249 | Orc:2    | Found a roughly hewn altar of Beogh.
 26349 | Orc:2    | Found Rotsiask's Antique Armour Boutique.
 26382 | Orc:2    | Found a roughly hewn altar of Beogh.
 26383 | Orc:2    | Found Qebiwn's Antique Weapon Shop.
 26396 | Orc:2    | Bought a runed cloak for 150 gold pieces
 26396 | Orc:2    | Bought a pair of embroidered boots for 150 gold pieces
 27203 | D:13     | Noticed Sonja
 27211 | D:13     | Killed Sonja
 27557 | D:13     | Found Wocrarit's Assorted Antiques.
 27793 | D:14     | Reached XP level 15. HP: 132/132 MP: 23/23
 28564 | D:14     | Found a gate to the Vaults.
 28934 | D:15     | Entered Level 15 of the Dungeon
 29830 | D:15     | Found a staircase to the Depths.
 31070 | Snake:1  | Entered Level 1 of the Snake Pit
 31819 | Snake:1  | Found Ohoagg's Jewellery Shoppe.
 33656 | Snake:2  | Noticed a nagaraja
 33673 | Snake:2  | Killed a nagaraja
 33673 | Snake:2  | Reached XP level 16. HP: 93/146 MP: 21/25
 34883 | Snake:3  | Reached skill level 15 in Fighting
 36278 | Snake:3  | Identified the +2 scale mail "Woacs" {rPois rC+ Str-4
                  | Dex+6}
 36543 | Shoals:1 | Entered Level 1 of the Shoals
 36649 | Shoals:1 | Got a scorched falchion
 37174 | Shoals:1 | Noticed a titan
 37199 | Shoals:1 | Killed a titan
 37800 | Shoals:2 | Found Peajenn's Practical Paraphernalia.
 38454 | Shoals:2 | Reached XP level 17. HP: 158/158 MP: 26/26
 40104 | Shoals:3 | Found Waiho's General Store.
 40752 | Snake:4  | Entered Level 4 of the Snake Pit
 40755 | Snake:4  | Noticed Vashnia
 40755 | Snake:4  | Noticed Asterion
 41979 | Snake:4  | Identified the +9 great mace of Pomy {vorpal, +Rage rElec
                  | rF+}
 42348 | Snake:4  | Killed Asterion
 44367 | Snake:4  | HP: 7/160 [naga warrior/+0 short sword (5)]
 45285 | Snake:4  | Slain by a nagaraja

Illustrated notes

Levels and vault maps discovered:
D:1:      beargit_arrival_greenhouse, layout_basic
D:2:      layout_loops_ring, nicolae_gozag_zags_fifth_avenue, uniq_terence
D:3:      layout_rooms, chequers_ecumenical_altar_twisty
D:4:      layout_basic, minmay_temple_entry_hall, first_ration
D:5:      layout_basic, basic_altar, small_statue_intersection,
          kennysheep_generic_room_4, uniq_sigmund
D:6:      layout_layer_cave, kennysheep_slug_shrine, gammafunk_ghost_hive,
          nicolae_dithmenos_shadow_blocks
D:7:      layout_rooms
D:8:      layout_basic, serial_shops, kennysheep_mini_moat
D:9:      layout_loops_ring
D:10:     layout_roguey, serial_corexii_hall, corexii_hall_statues_i,
          corexii_hall_statues_t, hangedman_stone_soup, uniq_fannar, uniq_psyche
D:11:     layout_grid_maze, grunt_lair_entry_orc_guard_hut, wad_floor_pattern_2
D:12:     layout_roguey, minmay_orc_entry_temple_small, serial_shops,
          kennysheep_little_box, bh_circular_ruins
D:13:     layout_irregular_city, serial_shops, nicolae_shop_stone,
          serial_bayou_pond_e, nicolae_benzene_ring, uniq_sonja
D:14:     layout_roguey, david_vaults_4, hangedman_decor_push, bh_walls_and_bars
D:15:     grunt_enter_depths_snipers, layout_basic, minivault_11, special_room
          [special_room_mythical_zoo]
Temple:   regret_index_temple_sigil_plot
Lair:1:   layout_cave_pods, kennysheep_rathole
Lair:2:   layout_gridlike, minmay_shoals_entry_beasts, ebering_ghost_xom,
          chequers_serial_rivers_micro_a, infiniplex_staircase_pool,
          minmay_lair_oklob_chamber, uniq_nergalle
Lair:3:   layout_cave_pods, dummy_snake_entry, gammafunk_ghost_cemetery,
          lemuel_fruit_tree
Lair:4:   layout_hall_layers, gauntlet_entry_generic
Lair:5:   layout_loops_ring, slime_altar_2
Lair:6:   gammafunk_lair_ancient_temple, layout_layer_cave,
          ebering_ghost_inner_flame, grunt_forest_large_clearings, uniq_nessos
Shoals:1: cheibrodos_shoals_gigantism, layout_shoals,
          nicolae_shoals_seven_spires
Shoals:2: layout_shoals, nicolae_alphabet_shops, nicolae_shoals_mertower
Shoals:3: layout_shoals, serial_shops, shop
Snake:1:  layout_misc_corridors, minmay_shop_enchanted_jewellery
Snake:2:  layout_misc_corridors
Snake:3:  layout_concentric_octagons
Snake:4:  grunt_snake_rune_spirals, layout_onion, grunt_ministairs_9,
          uniq_vashnia, uniq_asterion
Orc:1:    layout_caves, ebering_ghost_reflecting_pool, nicolae_orc_lava_tube,
          bloody_trog
Orc:2:    grunt_orc_community_town_hall, layout_diamond_mine,
          grunt_orc_community_big_house_2, grunt_orc_community_big_house_2,
          grunt_orc_community_house_3, grunt_orc_community_house_1,
          grunt_orc_community_house_2, grunt_orc_community_house_3,
          grunt_orc_community_house_2, special_room, basic_altar

Skill      XL: |  1  2  3  4  5  6  7  8  9 10 11 12 13 14 15 16 17 |
---------------+----------------------------------------------------+-----
Transmutations | 3 4 5 6 9 |  9.0
Poison Magic   | 1 2 |  2.0
Unarmed Combat | 4 5 7 9 12 14 15 16 17 | 17.1
Spellcasting   | 3 4 |  4.0
Invocations    | 1 3 5 6 7 9 11 12 13 | 13.9
Dodging        | 4 6 8 10 12 14 | 14.7
Fighting       | 4 7 10 12 14 16 17 | 17.0

Action                   |  1- 3 |  4- 6 |  7- 9 | 10-12 | 13-15 | 16-18 || total
-------------------------+-------+-------+-------+-------+-------+-------++-------
Melee: Unarmed           |   120 |   134 |   394 |   514 |  1051 |   710 ||  2923
       Tailslap          |    12 |     7 |    36 |    68 |   122 |   109 ||   354
       Kick              |     2 |       |     3 |       |       |       ||     5
       Headbutt          |     1 |       |     5 |       |       |       ||     6
       Punch             |       |       |     8 |    33 |    65 |    53 ||   159
 Cast: Beastly Appendage |     4 |       |     4 |       |       |       ||     8
       Sticks to Snakes  |     1 |     2 |     1 |       |       |       ||     4
       Spider Form       |       |     9 |     7 |     4 |     6 |       ||    26
       Blade Hands       |       |       |     5 |    41 |    83 |    54 ||   183
       Ice Form          |       |       |       |       |     4 |       ||     4
Invok: Lesser Servant of |       |       |       |       |     3 |       ||     3
       Major Destruction |       |       |       |       |     6 |       ||     6
       Minor Destruction |       |       |       |       |     3 |     2 ||     5
       Greater Servant o |       |       |       |       |     1 |     2 ||     3
 Abil: Breathe Fire      |       |       |    17 |    26 |    28 |    10 ||    81
       Stop Flying       |       |       |       |       |       |     1 ||     1
       Evoke Flight      |       |       |       |       |       |     1 ||     1
Evoke: Wand              |       |       |       |       |     7 |     2 ||     9
       Lightning rod     |       |       |       |       |     2 |       ||     2
  Use: Scroll            |       |     5 |     8 |    13 |    20 |     5 ||    51
       Potion            |       |       |       |     2 |     2 |     7 ||    11
 Stab: Sleeping          |     1 |     2 |     1 |       |     6 |     6 ||    16
       Paralysed         |       |       |       |       |     2 |       ||     2
       Distracted        |       |       |       |       |     1 |       ||     1
  Eat: Chunk             |     3 |     6 |    21 |    34 |    67 |    24 ||   155
       Ration            |       |     1 |     1 |     3 |     5 |    10 ||    20
Armor: Skin              |    34 |    21 |    99 |   124 |   195 |   138 ||   611
Dodge: Dodged            |    62 |   101 |   223 |   327 |   986 |   899 ||  2598
